 Dungeon Crawl Stone Soup version 0.26.0-45-g9c1d065592 (webtiles) character file.

Game seed: 7193819557712752566

(classic levelgen) 70 thiole the Stinger (level 4, -6/29 HPs)
             Began as an Octopode Venom Mage on Jan 29, 2021.
             Killed from afar by Natasha (11 damage)
             ... with a magic dart
             ... on level 2 of the Dungeon.
             The game lasted 00:03:52 (2163 turns).

thiole the Stinger (Octopode Venom Mage)            Turns: 2163, Time: 00:03:52

Health: -6/29      AC:  1    Str:  3    XL:     4   Next: 21%
Magic:  2/8        EV: 13    Int: 18    God:
Gold:   133        SH:  0    Dex: 12    Spells: 8/9 levels left

rFire    . . .     SeeInvis .   (no weapon)
rCold    . . .     Faith    .   (no shield)
rNeg     . . .     Spirit   .   (helmet restricted)
rPois    .         Reflect  .   (no amulet)
rElec    .         Harm     .   e - -4 ring of strength (curse)
rCorr    .         Rampage  .   (no ring)
Will     .....                  (no ring)
Stlth    +++.......             (no ring)
HPRegen  0.09/turn              (no ring)
MPRegen  0.11/turn              (no ring)
                                (no ring)
                                (no ring)

@: slowed, very slow
A: almost no armour, stealthy swim, amphibious, 8 rings, constrict 8, camouflage
1, gelatinous body 1
a: no special abilities


You were on level 2 of the Dungeon.
You visited 1 branch of the dungeon, and saw 2 of its levels.

You collected 133 gold pieces.

Inventory:

Jewellery
 a - a cursed ring of fire {unknown}
 e - a cursed -4 ring of strength (left tentacle)
Scrolls
 c - a scroll of magic mapping
 f - 4 scrolls of enchant weapon {unknown}
 g - a scroll of teleportation {unknown}
 i - a scroll of blinking {unknown}
 j - a scroll of amnesia {unknown}
Potions
 b - 2 potions of heal wounds {unknown}
 d - a potion of curing
 h - a potion of brilliance {unknown}
 k - a potion of attraction {unknown}


   Skills:
 - Level 2.0 Fighting
 - Level 2.0 Dodging
 - Level 3.0 Stealth
 + Level 3.1 Spellcasting
 - Level 1.0 Transmutations
 - Level 4.0 Poison Magic


You had 8 spell levels left.
You knew the following spells:

 Your Spells              Type           Power        Failure   Level
a - Sting                 Tmut/Pois      44%          6%          1

Your spell library contained the following spells:

 Spells                   Type           Power        Failure   Level
 Poisonous Vapours        Pois/Air       20%          11%         2
 Ignite Poison            Fire/Tmut/Pois 8%           24%         3
 Mephitic Cloud           Conj/Pois/Air  7%           28%         3
 Olgreb's Toxic Radiance  Pois           17%          30%         4


Dungeon Overview and Level Annotations

Branches:
Dungeon (2/15)

Altars:

Annotations:
D:2 Natasha


Innate Abilities, Weirdness & Mutations

You cannot wear most types of armour.
You are very stealthy in the water. (Stealth+)
You are amphibious.
You can wear up to eight rings at the same time.
You can use your tentacles to constrict eight enemies at once.
Your skin changes colour to match your surroundings (Stealth+).
Your rubbery body absorbs attacks. (AC +1, EV +1)


Message History

The sting hits Natasha but does no damage.
Natasha looks even sicker.
Natasha is moderately wounded.
Natasha claws you but does no damage.
Natasha stares at you and mumbles some strange words.
The magic dart hits you!
* * * LOW HITPOINT WARNING * * *
You tentacle-slap Natasha but do no damage.
Your grab misses Natasha.
Natasha is moderately wounded.
Natasha stares at you and mumbles some strange words.
The magic dart hits you.
* * * LOW HITPOINT WARNING * * *
You feel better.
Natasha stares at you and mumbles some strange words.
The magic dart hits you!
* * * LOW HITPOINT WARNING * * *
Natasha casts a spell at you. The magic dart hits you!
You die...

........#...#........# ######
.....#########.......# ##....#
.).^.#)(#............######......
.....'(.#######.....<....#..##.#.
######### #......## #..#.♣..
##.#.### #...♣.#. #.#.# #..#.##†
#h#.# ##...... #@#.# ###..†.#
#÷#.#######.##''##
#...........#...#
###.#########.### #.# #.# #.# #.#
#.# #.# #.#########.#
#...........#


You could see Natasha (very poisoned).

Vanquished Creatures
  Natasha (D:2)
  A worm (D:2)
  2 leopard geckos (D:1)
  7 giant cockroaches
  2 goblins (D:2)
  6 hobgoblins (D:1)
  2 jackals (D:1)
  2 ball pythons (D:2)
  2 bats
  A frilled lizard (D:1)
  5 kobolds
  8 rats
39 creatures vanquished.

Notes
Turn   | Place    | Note
-------+----------+-------------------------------------------
     0 | D:1      | thiole the Octopode Venom Mage began the quest for the Orb.
     0 | D:1      | Reached XP level 1. HP: 11/11 MP: 3/3
   227 | D:1      | Reached skill level 4 in Poison Magic
   303 | D:1      | Reached XP level 2. HP: 18/18 MP: 3/5
   381 | D:1      | Reached skill level 1 in Fighting
  1025 | D:1      | Reached XP level 3. HP: 20/24 MP: 0/6
  1968 | D:2      | Noticed Natasha
  1978 | D:2      | Killed Natasha
  1979 | D:2      | Reached XP level 4. HP: 18/29 MP: 1/8
  2147 | D:2      | Noticed Natasha
  2163 | D:2      | Killed from afar by Natasha

Illustrated notes

Levels and vault maps discovered:
D:1:      scummos_arrival_checkerplants, layout_loops_corners,
          amcnicky_mini_corridor_feature
D:2:      minmay_chambers_of_ones, layout_basic, overflow_temple_1_default,
          minitemple, supply_closet_lemuel, kennysheep_generic_room_3,
          uniq_natasha

Skill      XL: |  1  2  3 |
---------------+----------+-----
Poison Magic   | 4 |  4.0
Stealth        | 3 |  3.0
Fighting       | 2 |  2.0
Spellcasting   | 3 |  3.1
Dodging        | |  2.0
Transmutations | |  1.0

Action                   |  1- 3 |  4- 6 || total
-------------------------+-------+-------++-------
Melee: Unarmed           |    33 |     4 ||    37
       Constrict         |     7 |     1 ||     8
       Tentacles         |     2 |       ||     2
 Cast: Sting             |    66 |     7 ||    73
  Use: Scroll            |     1 |       ||     1
       Potion            |       |     1 ||     1
Armor: Skin              |     4 |     1 ||     5
Dodge: Dodged            |    40 |     5 ||    45
